 Dungeon Crawl Stone Soup version 0.28-a0-1510-gd0f6b136d3 (webtiles) character file.

Game seed: 2720251005800338613

886 ragingrage the Chopper (level 8, -5/45 HPs)
             Began as a Gargoyle Artificer on Jan 15, 2022.
             Slain by a wight (12 damage)
             ... on level 6 of the Dungeon.
             The game lasted 00:07:45 (6059 turns).

ragingrage the Chopper (Gargoyle Artificer)         Turns: 6059, Time: 00:07:46

Health: -5/45      AC: 18    Str: 16    XL:     8   Next: 5%
Magic:  8/8        EV:  4    Int: 12    God:
Gold:   237        SH:  0    Dex: 12    Spells: 7/7 levels left

rFire   . . .      SeeInvis .   a - +0 hand axe
rCold   . . .      Faith    .   (no shield)
rNeg    + . .      Spirit   .   v - +0 plate armour
rPois   ∞          Reflect  .   r - +1 helmet
rElec   +          Harm     .   (no cloak)
rCorr   .          Rampage  .   (no gloves)
Will    .....                   (no boots)
Stlth   ..........              (no amulet)
HPRegen 0.15/turn               (no ring)
MPRegen 0.11/turn               (no ring)

@: no status effects
A: sickness immunity, AC +5, negative energy resistance 1, electricity
resistance, torment resistance 1, petrification resistance
a: no special abilities


You were on level 6 of the Dungeon.
You visited 1 branch of the dungeon, and saw 6 of its levels.

You collected 237 gold pieces.

Inventory:

Hand Weapons
 a - a +0 hand axe (weapon)
 b - a +1 hunting sling of freezing
 z - a +2 mace of protection
Missiles
 q - 4 poisoned darts
 s - 10 sling bullets
 y - 24 stones
 A - a throwing net
Armour
 r - a +1 helmet (worn)
 v - a +0 plate armour (worn)
Wands
 c - a wand of flame (24) (quivered)
Scrolls
 h - a scroll of summoning {unknown}
 j - 6 scrolls of identify {unknown}
 k - a scroll of magic mapping {unknown}
 l - a scroll of teleportation {unknown}
 m - a scroll of enchant armour {unknown}
 p - a scroll of immolation {unknown}
 w - a scroll of silence {unknown}
 B - a scroll of torment {unknown}
Potions
 f - a potion of brilliance {unknown}
 g - 3 potions of curing {unknown}
 i - 5 potions of heal wounds {unknown}
 n - 2 potions of haste {unknown}
 o - a potion of magic {unknown}
 t - a potion of attraction {unknown}
 u - a potion of flight {unknown}
 x - a potion of berserk rage {unknown}
Miscellaneous
 e - a piece from Xom's chessboard (15/15)


   Skills:
 - Level 2.6 Fighting
 * Level 6.0 Axes
 - Level 2.1 Armour
 - Level 0.7 Dodging
 - Level 1.1 Stealth
 + Level 5.5 Evocations


You had 7 spell levels left.
You didn't know any spells.
Your spell library contained the following spells:

 Spells                   Type           Power      Damage    Failure   Level
 Gell's Gravitas          Tloc           0%         N/A       100%        3
 Teleport Other           Tloc           0%         N/A       100%        3
 Dispersal                Tloc           0%         N/A       100%        6


Dungeon Overview and Level Annotations

Branches:
Dungeon (6/15)
 Temple: D:4-7

Altars:
Ashenzari
Elyvilon
Nemelex Xobeh
Wu Jian

Shops:
D:2 (

Annotations:
D:4 exclusion: downstairs


Innate Abilities, Weirdness & Mutations

You are immune to sickness and miasma.
Your stone body is resilient. (AC +5)
You are immune to poison.
You resist negative energy. (rN+)
You are resistant to electric shocks. (rElec)
You are resistant to unholy torment.
You are immune to petrification.


Message History

b - a +1 hunting sling of freezing (weapon)
You shoot a stone. The stone barely misses the wight.
You shoot a stone. The stone hits the wight.
The wight is moderately damaged.
You shoot a stone. The stone barely misses the wight.
The wight hits you from afar with a +3 trident!
You shoot a stone.
The stone hits the wight but does no damage.
The wight is moderately damaged.
The wight hits you from afar with a +3 trident.
Aiming: Charm
Press: ? - help, Shift-Dir - straight line, f/p - wight
Aim: a wight, wielding a +3 trident and wearing a +0 robe (moderately damaged, chance to affect: 62%)
The wight resists with significant effort.
The now-empty wand crumbles to dust.
The wight hits you but does no damage.
Your +1 hunting sling of freezing stops glowing.
a - a +0 hand axe (weapon)
The wight hits you from afar with a +3 trident!
The wight hits you but does no damage.
You closely miss the wight.
The wight is moderately damaged.
The wight hits you but does no damage.
You hit the wight but do no damage.
The wight is moderately damaged.
The wight hits you with a +3 trident.
You hit the wight but do no damage.
The wight is moderately damaged.
The wight barely misses you.
You barely miss the wight.
The wight is moderately damaged.
The wight hits you with a +3 trident!
You completely miss the wight.
The wight is moderately damaged.
The wight hits you with a +3 trident!
* * * LOW HITPOINT WARNING * * *
You hit the wight.
The wight is heavily damaged.
The wight hits you but does no damage.
The wight hits you from afar with a +3 trident!
You die...

#####
#...#######
#..........
######...####
............#
#######.###.#
. #.......#
#.# #(
#@####### #<#
#. #.# #.#
#(### #z# #.#
zz.##z## #.#
#>#...# #.#
#..###.# #.#
........# ...
... ..####..#
.### ... #.#.
##


You could see 2 wights.

Vanquished Creatures
  Grinder (D:4)
  A phantom (D:3)
  A scorpion (D:4)
  A water moccasin zombie (D:5)
  A howler monkey (D:4)
  A bullfrog skeleton (D:5)
  2 hounds
  2 iguanas (D:4)
  A mummy (D:4)
  8 gnolls (D:5)
  7 adders
  3 worms
  5 dart slugs
  4 orcs
  5 ball pythons
  5 bats
  5 endoplasms
  5 giant cockroaches
  2 goblins
  4 hobgoblins
  6 jackals
  4 quokkas
  2 frilled lizards
  A hobgoblin zombie (D:4)
  4 kobolds
  A kobold zombie (D:4)
  2 orc zombies (D:4)
  4 rats
88 creatures vanquished.

Vanquished Creatures (collateral kills)
  A phantom (D:4)
  A gnoll (D:5)
  An orc (D:3)
  2 hobgoblins (D:2)
5 creatures vanquished.

Vanquished Creatures (others)
  2 gnolls (D:5)
  2 orcs (D:3)
  An endoplasm (D:2)
5 creatures vanquished.

Grand Total: 98 creatures vanquished

Notes
Turn   | Place    | Note
-------+----------+-------------------------------------------
     0 | D:1      | ragingrage the Gargoyle Artificer began the quest for the
                  | Orb.
     0 | D:1      | Reached XP level 1. HP: 12/12 MP: 1/1
   165 | D:1      | Found a faded altar of an unknown god.
   529 | D:1      | Reached XP level 2. HP: 17/17 MP: 2/2
  1177 | D:2      | Reached XP level 3. HP: 18/22 MP: 3/3
  1782 | D:2      | Found Gocabbag's Weapon Shoppe.
  1984 | D:3      | Noticed a phantom
  1984 | D:3      | Found a broken altar of Ashenzari.
  2106 | D:3      | Reached skill level 1 in Axes
  2106 | D:3      | Reached XP level 4. HP: 12/27 MP: 4/4
  2284 | D:3      | Found a white marble altar of Elyvilon.
  2291 | D:3      | Killed a phantom
  2292 | D:3      | Reached skill level 2 in Axes
  2292 | D:3      | Reached XP level 5. HP: 20/31 MP: 5/5
  3163 | D:4      | Found an ornate altar of the Wu Jian Council.
  3189 | D:4      | Reached skill level 3 in Axes
  3195 | D:4      | Reached XP level 6. HP: 29/36 MP: 6/6
  4006 | D:4      | Reached skill level 4 in Axes
  4526 | D:4      | Reached XP level 7. HP: 28/40 MP: 7/7
  4636 | D:4      | Noticed Grinder
  4642 | D:4      | Paralysed by Grinder for 2 turns
  4659 | D:4      | Paralysed by Grinder for 6 turns
  4665 | D:4      | Killed Grinder
  4666 | D:4      | Reached skill level 5 in Axes
  4666 | D:4      | Reached skill level 5 in Evocations
  5226 | D:5      | Entered Level 5 of the Dungeon
  5575 | D:5      | Found a sparkling altar of Nemelex Xobeh.
  5611 | D:5      | Noticed a two-headed ogre
  5869 | D:5      | Reached skill level 6 in Axes
  5869 | D:5      | Reached XP level 8. HP: 38/45 MP: 8/8
  6059 | D:6      | Slain by a wight

Illustrated notes

Levels and vault maps discovered:
D:1:      amcnicky_arrival_double_pillar, layout_loops_ring,
          hellmonk_ecumenical_altar_slurped_away
D:2:      layout_loops_ring, serial_shops, nicolae_shop_bloodbath_and_beyond,
          hangedman_feature_mirror, minmay_tree_intersection,
          grunt_decor_clamped, skrybe_limestone_x
D:3:      layout_rooms, ashenzari_conservatory_becter, elyvilon_altar_3
D:4:      layout_layer_cave, pdpol_wu_jian_five_deadly_venoms,
          minmay_mini_ossuary, uniq_grinder
D:5:      layout_basic, mainiacjoe_overflow_alcove_4, kennysheep_mini_moat,
          gammafunk_ghost_necromancy
D:6:      layout_loops_ring, minmay_temple_entry_nine_rooms, uniq_sigmund

Skill      XL: |  1  2  3  4  5  6  7 |
---------------+----------------------+-----
Evocations     | 3 4 5 |  5.5
Fighting       | 2 |  2.6
Axes           | 1 2 3 4 6 |  6.0
Armour         | |  2.1
Dodging        | |  0.7
Stealth        | |  1.1

Action                   |  1- 3 |  4- 6 |  7- 9 || total
-------------------------+-------+-------+-------++-------
Melee: Club              |    33 |       |       ||    33
       Hand axe          |   101 |   122 |    44 ||   267
       Punch             |       |     2 |     4 ||     6
 Fire: Hunting sling     |       |    40 |    95 ||   135
Throw: Dart              |       |     4 |       ||     4
Evoke: Wand              |     5 |     8 |     7 ||    20
 Stab: Distracted        |       |     1 |       ||     1
Armor: Leather armour    |    29 |       |       ||    29
       Ring mail         |    57 |    27 |       ||    84
       Plate armour      |       |   102 |    67 ||   169
Dodge: Dodged            |    98 |    52 |    10 ||   160

Table legend: (Time is in decaauts)
 A = Elapsed time spent in this place.
 B = Non-inter-level travel time spent in this place.
 C = Inter-level travel time spent in this place.
 D = Time resting spent in this place.
 E = Time spent auto-exploring this place.
 F = Levels seen in this place.
 G = Mean time per level.
                   A        B        C        D        E       F      G
               +--------+--------+--------+--------+--------+-----+--------+
         Total |   6143 |   5804 |    339 |   1359 |   3281 |   6 | 1023.8 |
       Dungeon |   6143 |   5804 |    339 |   1359 |   3281 |   6 | 1023.8 |
               +--------+--------+--------+--------+--------+-----+--------+

Top non-repeatable levels by time:
     D:4: 2252 daAuts
     D:1: 1161 daAuts
     D:3: 1060 daAuts
     D:2: 977 daAuts
     D:5: 647 daAuts
     D:6: 44 daAuts
